TOP OF THE 1ST |
Vancouver Canadians batting - Pitching for Staten Island Yankees : LHP Daniel Fagan
|
Pitching: LHP Daniel Fagan
|
|
Batting: RHB Dan Hilyer
|
0-0: Bunted foul 0-1: Called Strike 0-2: Ball 1-2: Foul Ball, location: 2F 1-2: Ground out 6-3 (Groundball, 4MS, EV 86.2 MPH)
|
Batting: RHB Terry Plumley
|
0-0: Fly out, F9 (Flyball, 89M, EV 83.8 MPH)
|
Batting: SHB Tim Hone
|
0-0: Ground out 5-3 (Groundball, 56, EV 83.1 MPH)
|
Top of the 1st over - 0 runs, 0 hits, 0 errors, 0 left on base; Vancouver 0 - Staten Island 0 |
BOTTOM OF THE 1ST |
Staten Island Yankees batting - Pitching for Vancouver Canadians : RHP Marcus Reiling
|
Pitching: RHP Marcus Reiling
|
|
Batting: LHB Carlos Palau
|
0-0: Ball 1-0: Ball 2-0: Ball 3-0: Called Strike 3-1: Base on Balls
|
Batting: LHB Justin Short
|
0-0: Foul Ball, location: 2F 0-1: Ball 1-1: Ball 2-1: Foul Ball, location: 2F 2-2: Strikes out swinging
|
Batting: RHB Pat Pemberton
|
0-0: Swinging Strike 0-1: Foul Ball, location: 2F 0-2: Ball 1-2: Strikes out swinging
|
Batting: RHB Brad Wren
|
0-0: Ball 1-0: Called Strike 1-1: Called Strike 1-2: Ground out 4-3 (Groundball, 4, EV 86.2 MPH)
|
Bottom of the 1st over - 0 runs, 0 hits, 0 errors, 1 left on base; Vancouver 0 - Staten Island 0 |
TOP OF THE 2ND |
Vancouver Canadians batting - Pitching for Staten Island Yankees : LHP Daniel Fagan
|
Batting: RHB Yojiro Hayashi
|
0-0: Called Strike 0-1: Ball 1-1: Called Strike 1-2: Strikes out swinging
|
Batting: RHB Jorge Cruz
|
0-0: Called Strike 0-1: Called Strike 0-2: Strikes out looking
|
Batting: RHB John Rios
|
0-0: Called Strike 0-1: Foul Ball, location: 2F 0-2: Foul Ball, location: 2F 0-2: Hit by Pitch
|
Batting: RHB Akira Kubo
|
0-0: Ball 1-0: Foul Ball, location: 2F 1-1: Foul Ball, location: 2F 1-2: Fly out, F9 (Flyball, 9LM, EV 80.6 MPH)
|
Top of the 2nd over - 0 runs, 0 hits, 0 errors, 1 left on base; Vancouver 0 - Staten Island 0 |
BOTTOM OF THE 2ND |
Staten Island Yankees batting - Pitching for Vancouver Canadians : RHP Marcus Reiling
|
Batting: SHB Adam Slade
|
0-0: Ball 1-0: Foul Ball, location: 2F 1-1: SINGLE (Groundball, 4MD, EV 106.9 MPH)
|
Batting: RHB Edite Leoni
|
0-0: Ball 1-0: SINGLE (Groundball, 56D, EV 98.1 MPH) Adam Slade to second
|
Batting: RHB Jesus Ruiz
|
0-0: Ground out U3 (Groundball, 3S, EV 71.2 MPH) Adam Slade to third Edite Leoni to second
|
Batting: LHB Danny de Leon
|
0-0: Called Strike 0-1: SINGLE (Groundball, 34D, EV 96.2 MPH) Adam Slade scores Edite Leoni to third Runner from 3rd tries for Home, SAFE, throw by RF to home
|
Batting: RHB Danny Ayala
|
0-0: Ball 1-0: Swinging Strike 1-1: Ball 2-1: Ball 3-1: Swinging Strike 3-2: Foul Ball, location: 2F 3-2: Base on Balls Danny de Leon to second
|
Batting: LHB Carlos Palau
|
0-0: Ball 1-0: Ball 2-0: Called Strike 2-1: DOUBLE (Groundball, 3L, EV 106.9 MPH) Danny de Leon scores Danny Ayala to third
|
Batting: LHB Justin Short
|
0-0: Called Strike 0-1: Swinging Strike 0-2: Foul Ball, location: 2F 0-2: Ball 1-2: Strikes out swinging
|
Batting: RHB Pat Pemberton
|
0-0: SINGLE (Groundball, 6, EV 94.4 MPH) Danny Ayala scores Carlos Palau to third Runner from 3rd tries for Home, SAFE, throw by LF to home
|
Batting: RHB Brad Wren
|
0-0: Ball Balk! Pat Pemberton to second 1-0: Ball 2-0: Called Strike 2-1: Ball 3-1: Called Strike 3-2: Strikes out swinging
|
Bottom of the 2nd over - 5 runs, 5 hits, 0 errors, 1 left on base; Vancouver 0 - Staten Island 5 |
TOP OF THE 3RD |
Vancouver Canadians batting - Pitching for Staten Island Yankees : LHP Daniel Fagan
|
Batting: RHB Luis Reyes
|
0-0: Called Strike 0-1: Ground out 6-3 (Groundball, 6, EV 107.5 MPH)
|
Batting: RHB Jorge Alva
|
0-0: Ball 1-0: Ball 2-0: Ball 3-0: Called Strike 3-1: Swinging Strike 3-2: Strikes out swinging
|
Batting: RHB Dan Hilyer
|
0-0: Ball 1-0: Ball 2-0: Fly out, F8 (Flyball, 8RD, EV 100.6 MPH)
|
Top of the 3rd over - 0 runs, 0 hits, 0 errors, 0 left on base; Vancouver 0 - Staten Island 5 |
BOTTOM OF THE 3RD |
Staten Island Yankees batting - Pitching for Vancouver Canadians : RHP Marcus Reiling
|
Batting: SHB Adam Slade
|
0-0: Swinging Strike 0-1: Ball 1-1: Swinging Strike 1-2: Strikes out looking
|
Batting: RHB Edite Leoni
|
0-0: Ball 1-0: Ball 2-0: Foul Ball, location: 2F 2-1: SOLO HOME RUN (Flyball, 7D, EV 96.2 MPH), Distance : 374 ft
|
Pitching: RHP Jeremy Thomsen
|
|
Batting: RHB Jesus Ruiz
|
0-0: Ball 1-0: Foul Ball, location: 2F 1-1: Ball 2-1: Fly out, F8 (Flyball, 8RM, EV 80.6 MPH)
|
Batting: LHB Danny de Leon
|
0-0: Ground out 4-3 (Groundball, 4, EV 98.8 MPH)
|
Bottom of the 3rd over - 1 run, 1 hit, 0 errors, 0 left on base; Vancouver 0 - Staten Island 6 |
TOP OF THE 4TH |
Vancouver Canadians batting - Pitching for Staten Island Yankees : LHP Daniel Fagan
|
Batting: RHB Terry Plumley
|
0-0: Ball 1-0: Foul Ball, location: 2F 1-1: Called Strike 1-2: Strikes out swinging
|
Batting: SHB Tim Hone
|
0-0: Fly out, F4 (Popup, 23, EV 81.9 MPH)
|
Batting: RHB Yojiro Hayashi
|
0-0: Called Strike 0-1: Foul Ball, location: 2F 0-2: Foul Ball, location: 2F 0-2: Foul Ball, location: 2F 0-2: Foul Ball, location: 2F 0-2: SINGLE (Flyball, 78S, EV 92.5 MPH)
|
Batting: RHB Jorge Cruz
|
0-0: Ball Yojiro Hayashi is caught stealing 2nd base 2-4
|
Top of the 4th over - 0 runs, 1 hit, 0 errors, 0 left on base; Vancouver 0 - Staten Island 6 |
BOTTOM OF THE 4TH |
Staten Island Yankees batting - Pitching for Vancouver Canadians : RHP Jeremy Thomsen
|
Batting: RHB Danny Ayala
|
0-0: Ball 1-0: Ball 2-0: Foul Ball, location: 2F 2-1: SINGLE (Groundball, 4MD, EV 106.9 MPH)
|
Batting: LHB Carlos Palau
|
0-0: Called Strike 0-1: Ball 1-1: Foul Ball, location: 2F 1-2: Grounds into double play, 4-6-3 (Groundball, 4, EV 85.0 MPH)
|
Batting: LHB Justin Short
|
0-0: Called Strike 0-1: Ball 1-1: Foul Ball, location: 2F 1-2: Ball 2-2: Strikes out swinging, 2-3 out at first.
|
Bottom of the 4th over - 0 runs, 1 hit, 0 errors, 0 left on base; Vancouver 0 - Staten Island 6 |
TOP OF THE 5TH |
Vancouver Canadians batting - Pitching for Staten Island Yankees : LHP Daniel Fagan
|
Batting: RHB Jorge Cruz
|
0-0: Ball 1-0: SINGLE (Line Drive, 6D, EV 107.5 MPH)
|
Batting: RHB John Rios
|
0-0: Called Strike Jorge Cruz is caught stealing 2nd base 2-4 0-1: Swinging Strike 0-2: Ball 1-2: Strikes out looking
|
Batting: RHB Akira Kubo
|
0-0: Ground out 6-3 (Groundball, 6, EV 86.9 MPH)
|
Top of the 5th over - 0 runs, 1 hit, 0 errors, 0 left on base; Vancouver 0 - Staten Island 6 |
BOTTOM OF THE 5TH |
Staten Island Yankees batting - Pitching for Vancouver Canadians : RHP Jeremy Thomsen
|
Batting: RHB Pat Pemberton
|
0-0: Ball 1-0: Ball 2-0: SINGLE (Line Drive, 3D, EV 95.6 MPH)
|
Batting: RHB Brad Wren
|
0-0: Foul Ball, location: 2F 0-1: Foul Ball, location: 2F 0-2: Foul Ball, location: 2F 0-2: Strikes out swinging
|
Batting: SHB Adam Slade
|
0-0: Called Strike 0-1: Called Strike 0-2: Ball Wild Pitch! Pat Pemberton to second 1-2: Ball 2-2: Ball 3-2: Base on Balls
|
Batting: RHB Edite Leoni
|
0-0: Called Strike 0-1: Ball 1-1: Fly out, F9 (Flyball, 9LSF, EV 89.4 MPH)
|
Batting: RHB Jesus Ruiz
|
0-0: Ball 1-0: Ground out 5-3 (Groundball, 5S, EV 92.5 MPH)
|
Bottom of the 5th over - 0 runs, 1 hit, 0 errors, 2 left on base; Vancouver 0 - Staten Island 6 |
TOP OF THE 6TH |
Vancouver Canadians batting - Pitching for Staten Island Yankees : LHP Daniel Fagan
|
Batting: RHB Luis Reyes
|
0-0: Ground out 6-3 (Groundball, 56, EV 103.1 MPH)
|
Batting: RHB Jorge Alva
|
0-0: Ball 1-0: Ball 2-0: Ball 3-0: Called Strike 3-1: SINGLE (Line Drive, 7S, EV 95.0 MPH)
|
Batting: RHB Dan Hilyer
|
0-0: Called Strike 0-1: Ball 1-1: Called Strike Jorge Alva steals 2nd base 1-2: SINGLE (Groundball, 13S, EV 69.4 MPH) (infield hit) Jorge Alva to third
|
Batting: RHB Terry Plumley
|
0-0: Ball 1-0: Ball 2-0: Called Strike 2-1: Ball 3-1: Swinging Strike Passed Ball! Jorge Alva scores Dan Hilyer to second 3-2: 2-RUN HOME RUN (Flyball, 7D, EV 101.2 MPH), Distance : 377 ft
|
Batting: SHB Tim Hone
|
0-0: TRIPLE (Flyball, 89XD, EV 103.1 MPH)
|
Batting: RHB Yojiro Hayashi
|
0-0: Ball 1-0: Ball 2-0: Ball 3-0: Base on Balls
|
Batting: RHB Jorge Cruz
|
0-0: Ball Yojiro Hayashi steals 2nd, throwing error, E2 Tim Hone scores Yojiro Hayashi to third 1-0: Swinging Strike 1-1: Ball 2-1: Foul Ball, location: 2F 2-2: Ball 3-2: Base on Balls
|
Batting: RHB John Rios
|
0-0: Called Strike Jorge Cruz steals 2nd base 0-1: Foul Ball, location: 2F 0-2: Ball 1-2: Ball 2-2: Fly out, F6 (Line Drive, 6, EV 69.4 MPH)
|
Batting: RHB Akira Kubo
|
0-0: Ball 1-0: Ball 2-0: Called Strike Balk! Yojiro Hayashi scores Jorge Cruz to third 2-1: Fly out, F7 (Line Drive, 7, EV 84.4 MPH)
|
Top of the 6th over - 5 runs, 4 hits, 1 error, 1 left on base; Vancouver 5 - Staten Island 6 |
BOTTOM OF THE 6TH |
Staten Island Yankees batting - Pitching for Vancouver Canadians : RHP Jeremy Thomsen
|
Batting: LHB Danny de Leon
|
0-0: Fly out, F7 (Flyball, 78S, EV 89.4 MPH)
|
Batting: RHB Danny Ayala
|
0-0: Called Strike 0-1: Ball 1-1: Called Strike 1-2: Strikes out swinging
|
Batting: LHB Carlos Palau
|
0-0: Ball 1-0: SINGLE (Groundball, 34D, EV 85.6 MPH) (infield hit)
|
Batting: LHB Justin Short
|
0-0: Called Strike 0-1: Called Strike 0-2: Foul Ball, location: 2F 0-2: Ball 1-2: Foul Ball, location: 2F 1-2: Fielders Choice at 2nd, 6-4 (Groundball, 6, EV 80.6 MPH)
|
Bottom of the 6th over - 0 runs, 1 hit, 0 errors, 1 left on base; Vancouver 5 - Staten Island 6 |
TOP OF THE 7TH |
Vancouver Canadians batting - Pitching for Staten Island Yankees : LHP Daniel Fagan
|
Pitching: RHP Jake Bryant
|
|
Pinch Hitting: LHB Chris Munguia
|
0-0: Ball 1-0: Swinging Strike 1-1: Foul Ball, location: 2F 1-2: Ball 2-2: Ball 3-2: Foul Ball, location: 2F 3-2: Strikes out looking
|
Pinch Hitting: LHB Tony Vitela
|
0-0: Ball 1-0: Foul Ball, location: 2F 1-1: Foul Ball, location: 2F 1-2: DOUBLE (Groundball, 5L, EV 102.5 MPH)
|
Pinch Hitting: LHB Chris Fandino
|
0-0: Ball Tony Vitela steals 3rd base (no throw) 1-0: Foul Ball, location: 2F 1-1: Swinging Strike 1-2: Foul Ball, location: 2F 1-2: Ball 2-2: Ball 3-2: Base on Balls
|
Batting: RHB Terry Plumley
|
0-0: Swinging Strike 0-1: Swinging Strike 0-2: Strikes out swinging
|
Batting: SHB Tim Hone
|
0-0: Called Strike 0-1: SINGLE (Flyball, 9S, EV 95.6 MPH) Tony Vitela scores Chris Fandino to second Runner from 2nd tries for 3rd, SAFE, throw by RF made to third
|
Batting: RHB Yojiro Hayashi
|
0-0: SINGLE (Groundball, 5D, EV 108.1 MPH) Chris Fandino scores Tim Hone to second Runner from 2nd tries for 3rd, SAFE, throw by LF made to third
|
Batting: RHB Jorge Cruz
|
0-0: Ball 1-0: Ball 2-0: Called Strike 2-1: Fielders Choice at 2nd, 5-4 (Groundball, 56, EV 103.8 MPH)
|
Top of the 7th over - 2 runs, 3 hits, 0 errors, 2 left on base; Vancouver 7 - Staten Island 6 |
BOTTOM OF THE 7TH |
Staten Island Yankees batting - Pitching for Vancouver Canadians : RHP Jeremy Thomsen
|
Now at 1B: Rodrigo Briceno
|
|
Now at 2B: Jamie Ogilvie
|
|
Now at 3B: Terry Plumley
|
|
Now in LF: Chris Munguia
|
|
Now in CF: Tim Hone
|
|
Now in RF: Tony Vitela
|
|
Batting: RHB Pat Pemberton
|
0-0: Ball 1-0: Swinging Strike 1-1: Called Strike 1-2: Ground out 4-3 (Groundball, 4, EV 92.5 MPH)
|
Batting: RHB Brad Wren
|
0-0: Foul Ball, location: 2F 0-1: Ground out 5-3 (Groundball, 56S, EV 73.8 MPH)
|
Batting: SHB Adam Slade
|
0-0: Ball 1-0: Called Strike 1-1: Swinging Strike 1-2: Foul Ball, location: 2F 1-2: Foul Ball, location: 2F 1-2: Foul Ball, location: 2F 1-2: Ball 2-2: SINGLE (Line Drive, 6D, EV 97.5 MPH)
|
Pitching: LHP Rico Saldarriaga
|
|
Now at 2B: Tristan Dennis
|
|
Now at 3B: Jamie Ogilvie
|
|
Batting: RHB Edite Leoni
|
0-0: Fielders Choice at 2nd, U6 (Groundball, 6M, EV 105.0 MPH)
|
Bottom of the 7th over - 0 runs, 1 hit, 0 errors, 1 left on base; Vancouver 7 - Staten Island 6 |
TOP OF THE 8TH |
Vancouver Canadians batting - Pitching for Staten Island Yankees : RHP Jake Bryant
|
Batting: RHB John Rios
|
0-0: Called Strike 0-1: Foul Ball, location: 2F 0-2: Ball 1-2: SINGLE (Groundball, 56D, EV 98.1 MPH)
|
Batting: RHB Akira Kubo
|
0-0: Sac Bunt to 2R - play at first, batter OUT! 2-4 John Rios to second
|
Pitching: RHP Francisco Rosado
|
|
Batting: LHB Chris Munguia
|
0-0: Ball 1-0: Foul Ball, location: 2F 1-1: Ball 2-1: Foul Ball, location: 2F 2-2: Foul Ball, location: 2F 2-2: Ball 3-2: Base on Balls
|
Batting: LHB Tony Vitela
|
0-0: Ball 1-0: Fly out, F7 (Line Drive, 7D, EV 91.9 MPH)
|
Batting: LHB Rodrigo Briceno
|
0-0: Ball 1-0: Ball Passed Ball! John Rios to third Chris Munguia to second 2-0: Ball 3-0: Called Strike 3-1: Base on Balls
|
Pinch Hitting: LHB Devin Huber
|
0-0: SINGLE (Line Drive, 78S, EV 112.5 MPH) John Rios scores Chris Munguia to third Rodrigo Briceno to second
|
Batting: SHB Tim Hone
|
0-0: Ball 1-0: Fielders Choice at 2nd, 5-4 (Groundball, 5, EV 108.1 MPH)
|
Top of the 8th over - 1 run, 2 hits, 0 errors, 3 left on base; Vancouver 8 - Staten Island 6 |
BOTTOM OF THE 8TH |
Staten Island Yankees batting - Pitching for Vancouver Canadians : LHP Rico Saldarriaga
|
Now at 2B: Jamie Ogilvie
|
|
Now at 3B: Selam Chimsima
|
|
Batting: RHB Jesus Ruiz
|
0-0: Ball 1-0: Called Strike 1-1: Called Strike 1-2: Fly out, F7 (Flyball, 78S, EV 84.4 MPH)
|
Pinch Hitting: RHB Daniel Underhay
|
0-0: SINGLE (Groundball, 4MD, EV 99.4 MPH)
|
Batting: RHB Danny Ayala
|
0-0: Swinging Strike 0-1: Ball 1-1: Ball 2-1: Ball Balk! Daniel Underhay to second 3-1: Swinging Strike 3-2: Strikes out looking
|
Batting: LHB Carlos Palau
|
0-0: Ball 1-0: Ball 2-0: Foul Ball, location: 2F 2-1: Fly out, F9 (Line Drive, 9, EV 89.4 MPH)
|
Bottom of the 8th over - 0 runs, 1 hit, 0 errors, 1 left on base; Vancouver 8 - Staten Island 6 |
TOP OF THE 9TH |
Vancouver Canadians batting - Pitching for Staten Island Yankees : RHP Francisco Rosado
|
Now in LF: Mario Velazquez
|
|
Now in RF: Justin Short
|
|
Batting: RHB Yojiro Hayashi
|
0-0: Foul Ball, location: 2F 0-1: Fly out, F8 (Flyball, 8LXD, EV 101.9 MPH)
|
Batting: RHB Jamie Ogilvie
|
0-0: Ball 1-0: Called Strike 1-1: Called Strike 1-2: Ball 2-2: Ball 3-2: Foul Ball, location: 2F 3-2: Strikes out swinging
|
Batting: RHB John Rios
|
0-0: Ball 1-0: Ball 2-0: SINGLE (Line Drive, 34, EV 97.5 MPH)
|
Batting: RHB Akira Kubo
|
0-0: Ball 1-0: Called Strike 1-1: Ball 2-1: Ball 3-1: Foul Ball, location: 2F 3-2: DOUBLE (Flyball, 8LXD, EV 114.4 MPH) John Rios to third John Rios scores
|
Batting: LHB Chris Munguia
|
0-0: Called Strike 0-1: Swinging Strike 0-2: DOUBLE (Groundball, 5L, EV 105.0 MPH) Akira Kubo scores
|
Batting: LHB Tony Vitela
|
0-0: Foul Ball, location: 2F 0-1: Ball 1-1: Called Strike 1-2: Ball 2-2: Foul Ball, location: 2F 2-2: Ball 3-2: Fly out, F7 (Flyball, 7LS, EV 90.6 MPH)
|
Top of the 9th over - 2 runs, 3 hits, 0 errors, 1 left on base; Vancouver 10 - Staten Island 6 |
BOTTOM OF THE 9TH |
Staten Island Yankees batting - Pitching for Vancouver Canadians : LHP Rico Saldarriaga
|
Pitching: LHP Jim Sabin
|
|
Now at 2B: Jose Garza
|
|
Now at SS: Jamie Ogilvie
|
|
Batting: LHB Justin Short
|
0-0: Called Strike 0-1: Fly out, F7 (Flyball, 78S, EV 98.8 MPH)
|
Batting: RHB Pat Pemberton
|
0-0: Ball 1-0: Foul Ball, location: 2F 1-1: Foul Ball, location: 2F 1-2: Foul Ball, location: 2F 1-2: Strikes out swinging
|
Batting: RHB Brad Wren
|
0-0: Called Strike 0-1: Called Strike 0-2: Ball 1-2: Strikes out swinging
|
Bottom of the 9th over - 0 runs, 0 hits, 0 errors, 0 left on base; Vancouver 10 - Staten Island 6 |
|